 Dungeon Crawl Stone Soup version 0.18.1-48-g4cf74bf (webtiles) character file.

52 sudo the Slasher (level 3, -2/24 HPs)
             Began as a High Elf Gladiator on June 29, 2016.
             Was an Initiate of Okawaru.
             Slain by a worm (9 damage)
             ... on level 3 of the Dungeon.
             The game lasted 00:02:27 (1560 turns).

sudo the Slasher (High Elf Gladiator)               Turns: 1560, Time: 00:02:30

Health: -2/24      AC:  6    Str: 15    XL:     3   Next: 60%
Magic:  4/4        EV: 12    Int: 12    God:    Okawaru [......]
Gold:   149        SH:  0    Dex: 15    Spells: 0 memorised, 2 levels left

rFire  . . .     SeeInvis .     a - +0 long sword
rCold  . . .     Gourm    .     o - +0 ring mail
rNeg   . . .     Faith    .     (no shield)
rPois  .         Spirit   .     c - +0 helmet
rElec  .         Dismiss  .     (no cloak)
rCorr  .         Reflect  .     (no gloves)
SustAt .         Harm     .     (no boots)
MR     .....                    (no amulet)
Stlth  ..........               (no ring)
                                (no ring)

@: confused, not resistant to hostile enchantments, extremely unstealthy
A: no striking features
a: Renounce Religion


You were on level 3 of the Dungeon.
You worshipped Okawaru.
Okawaru was noncommittal.
You were not hungry.

You visited 1 branch of the dungeon, and saw 3 of its levels.

You collected 149 gold pieces.

Inventory:

Hand Weapons
 a - a +0 long sword (weapon)
Missiles
 d - 3 throwing nets (quivered)
Armour
 b - a +0 leather armour
 c - a +0 helmet (worn)
 o - a +0 ring mail (worn)
 p - a +0 shield
Scrolls
 g - a scroll of remove curse {unknown}
 i - a scroll of immolation {unknown}
 k - a scroll of identify
Potions
 j - a potion of mutation
 m - a potion of heal wounds {unknown}
 n - a potion of might {unknown}
Comestibles
 f - a bread ration
 q - a meat ration


   Skills:
 + Level 2.0 Fighting
 * Level 4.7 Long Blades
 - Level 2.0 Throwing
 + Level 0.1 Armour
 + Level 4.1 Dodging


You had 2 spell levels left.
You didn't know any spells.

Dungeon Overview and Level Annotations

Branches:
Dungeon (3/15)

Altars:
Okawaru
Qazlal
Trog


Message History

Drink which item? (? for menu, Esc to quit)
Okay, then.
Drink which item? (? for menu, Esc to quit)
It was a potion of lignification.
You turn into a tree.
Your +0 helmet melds into your body.
Your +0 ring mail melds into your body.
Your roots penetrate the ground.
The worm bites you.
* * * LOW HITPOINT WARNING * * *
Drink which item? (? for menu, Esc to quit)
It was a potion of cancellation.
Your magical effects are unravelling.
You feel magically purged. The worm bites you but does no damage.
Drink which item? (? for menu, Esc to quit)
It was a potion of ambrosia.
You are confused.
You feel invigorated.
You feel less woody.
Your +0 helmet unmelds from your body.
Your +0 ring mail unmelds from your body.
The worm bites you!
You die...

###.#......#.###.##
..........#.......
###.#.##.........#
..#......##.######
#.#.#.##.####†####
#.#.#.#.##.......## #
#.#.#..##.........#
#.##.#.#.##...........#
.#......#..#..@.###....#
...........#..w##y##...#
..........(#....###....#
.#..###.#####.........##
#. #.#.# #)).._....#
#.#.######.......##
#<.......###)).###
####.##### #### ...


You could see a moth of wrath and a worm (berserk).

Vanquished Creatures
  An adder (D:2)
  An ooze (D:1)
  A worm (D:3)
  2 dart slugs
  2 giant geckos
  8 bats
  2 giant cockroaches (D:1)
  A hobgoblin (D:2)
  2 ball pythons (D:1)
  5 kobolds
  11 rats
36 creatures vanquished.

Notes
Turn   | Place    | Note
--------------------------------------------------------------
     0 | D:1      | sudo the High Elf Gladiator began the quest for the Orb.
     0 | D:1      | Reached XP level 1. HP: 14/14 MP: 2/2
   149 | D:1      | Reached XP level 2. HP: 12/19 MP: 3/3
   905 | D:2      | Reached XP level 3. HP: 14/24 MP: 4/4
  1064 | D:2      | Found an iron altar of Okawaru.
  1068 | D:2      | Found a stormy altar of Qazlal.
  1074 | D:2      | Became a worshipper of Warmaster Okawaru
  1101 | D:2      | You fall through a shaft!
  1518 | D:3      | Noticed a moth of wrath
  1521 | D:3      | Found a bloodstained altar of Trog.
  1560 | D:3      | Slain by a worm

Skill      XL: |  1  2 |
---------------+-------+-----
Long Blades    | 4 |  4.7
Dodging        | 4 |  4.1
Fighting       | |  2.0
Throwing       | |  2.0
Armour         | |  0.1

Action                   || total
-------------------------++-------
Melee: Long sword        ||   106
  Use: Potion            ||     3
       Scroll            ||     1
 Stab: Sleeping          ||     1
       Distracted        ||     1
  Eat: Chunk             ||     2
Armor: Leather armour    ||    41
       Ring mail         ||    11
       Skin              ||     1
Dodge: Dodged            ||    81
